 Dungeon Crawl Stone Soup version 0.26.0-45-g9c1d065592 (webtiles) character file.

Game seed: 3663364932908230155

84 kaeus the Sneak (level 4, -3/27 HPs)
             Began as an Octopode Enchanter on Jan 29, 2021.
             Slain by Crazy Yiuf
             ... wielding a +2 quarterstaff of chaos
              (6 damage)
             ... on level 2 of the Dungeon.
             The game lasted 00:01:45 (2374 turns).

kaeus the Sneak (Octopode Enchanter)                Turns: 2374, Time: 00:01:45

Health: -3/27      AC:  1    Str:  7    XL:     4   Next: 45%
Magic:  7/7        EV: 14    Int: 17    God:
Gold:   56         SH:  0    Dex: 13    Spells: 6/7 levels left

rFire    . . .     SeeInvis .   d - +0 short sword (venom)
rCold    . . .     Faith    .   (no shield)
rNeg     . . .     Spirit   .   (helmet restricted)
rPois    .         Reflect  .   (no amulet)
rElec    .         Harm     .   (no ring)
rCorr    .         Rampage  .   (no ring)
Will     .....                  (no ring)
Stlth    ++++......             (no ring)
HPRegen  0.09/turn              (no ring)
MPRegen  0.10/turn              (no ring)
                                (no ring)
                                (no ring)

@: no status effects
A: almost no armour, stealthy swim, amphibious, 8 rings, constrict 8, camouflage
1, gelatinous body 1
a: no special abilities


You were on level 2 of the Dungeon.
You visited 1 branch of the dungeon, and saw 2 of its levels.

You collected 56 gold pieces.

Inventory:

Hand Weapons
 a - a +1 dagger
 d - a +0 short sword of venom (weapon)
Scrolls
 c - 3 scrolls of remove curse {unknown}
 e - a scroll of immolation {unknown}
 f - a scroll of fear {unknown}
 g - 2 scrolls of teleportation {unknown}
 i - a scroll of magic mapping {unknown}
 k - 2 scrolls of identify {unknown}
Potions
 b - 2 potions of curing
 h - a potion of brilliance {unknown}
 j - a potion of might {unknown}
 l - a potion of degeneration {unknown}


   Skills:
 + Level 1.8 Short Blades
 + Level 2.6 Dodging
 * Level 5.3 Stealth
 + Level 2.3 Spellcasting
 + Level 3.4 Hexes


You had 6 spell levels left.
You knew the following spells:

 Your Spells              Type           Power        Failure   Level
a - Corona                Hex            14%          4%          1

Your spell library contained the following spells:

 Spells                   Type           Power        Failure   Level
 Ensorcelled Hibernation  Hex/Ice        14%          14%         2
 Confusing Touch          Hex            13%          14%         3
 Tukima's Dance           Hex            13%          14%         3
 Dazzling Flash           Conj/Hex       14%          28%         3


Dungeon Overview and Level Annotations

Branches:
Dungeon (2/15)

Altars:
Sif Muna
Zin

Annotations:
D:2 Crazy Yiuf


Innate Abilities, Weirdness & Mutations

You cannot wear most types of armour.
You are very stealthy in the water. (Stealth+)
You are amphibious.
You can wear up to eight rings at the same time.
You can use your tentacles to constrict eight enemies at once.
Your skin changes colour to match your surroundings (Stealth+).
Your rubbery body absorbs attacks. (AC +1, EV +1)


Message History

You see here a mace.
You open the door.
There is an open translucent door here.
You see here a mace.
Crazy Yiuf shouts!
Crazy Yiuf closely misses you.
You see here a mace.
You hit Crazy Yiuf.
Crazy Yiuf is poisoned.
Your grab misses Crazy Yiuf. You squeeze Crazy Yiuf.
Crazy Yiuf is moderately wounded.
Crazy Yiuf hits you with a +2 quarterstaff of chaos!
You are electrocuted!
Ouch! That really hurt!
* * * LOW HITPOINT WARNING * * *
You take 24 damage, and have 3/27 hp.
MASSIVE DAMAGE!!
You closely miss Crazy Yiuf. You grab Crazy Yiuf. You squeeze Crazy Yiuf.
Crazy Yiuf is heavily wounded.
You constrict Crazy Yiuf, but do no damage.
Crazy Yiuf hits you with a +2 quarterstaff of chaos.
You die...

..########.# ♣♣P.)♣ ........#..#
♣♣)♣♣ ........#..# ♣♣)♣ #######
........#..# ♣)♣♣ ##.....#####
...........# ♣♣)♣ #...........
........#..# ♣)♣♣ ##.....##.##
##.........# ##'## #.....##.#.
#........## #)))# ####....#.#.
#........# #)@)# #....#..#.#.
##........# #)g)# #....#.##.#.
#.....##### ##### #....#....#.
#.....# #....#..###. #.....#
############...##...<#.
#.<)..#####.......)......###.....
.......................[.........
...#...####.......##...).....####
##.##....##........#.........# #


You could see Crazy Yiuf (very poisoned).

Vanquished Creatures
  2 adders (D:2)
  A dart slug (D:1)
  A leopard gecko (D:2)
  2 ball pythons (D:1)
  10 bats
  A giant cockroach (D:1)
  3 goblins (D:2)
  9 hobgoblins
  3 jackals (D:1)
  14 kobolds
  A quokka (D:2)
  3 frilled lizards
  10 rats
60 creatures vanquished.

Vanquished Creatures (others)
  A fungus (D:2)
1 creature vanquished.

Grand Total: 61 creatures vanquished

Notes
Turn   | Place    | Note
-------+----------+-------------------------------------------
     0 | D:1      | kaeus the Octopode Enchanter began the quest for the Orb.
     0 | D:1      | Reached XP level 1. HP: 11/11 MP: 3/3
   161 | D:1      | Reached XP level 2. HP: 17/17 MP: 5/5
   615 | D:1      | Reached XP level 3. HP: 20/21 MP: 6/6
  1061 | D:2      | Found a glowing silver altar of Zin.
  1208 | D:2      | Reached skill level 5 in Stealth
  1279 | D:2      | Reached XP level 4. HP: 10/27 MP: 7/7
  2304 | D:2      | Found a shimmering blue altar of Sif Muna.
  2365 | D:2      | Found a runed translucent door.
  2366 | D:2      | Noticed Crazy Yiuf
  2374 | D:2      | Slain by Crazy Yiuf

Illustrated notes

Levels and vault maps discovered:
D:1:      dpeg_arrival_simpleton_c, layout_loops_ring, minmay_pentomino_t4
D:2:      layout_basic, general_overflow_altar, kennysheep_big_empty_room,
          lemuel_blue_sif_altar, uniq_crazy_yiuf_cottage

Skill      XL: |  1  2  3 |
---------------+----------+-----
Stealth        | 5 |  5.3
Short Blades   | |  1.8
Dodging        | |  2.6
Spellcasting   | |  2.3
Hexes          | |  3.4

Action                   |  1- 3 |  4- 6 || total
-------------------------+-------+-------++-------
Melee: Dagger            |    39 |       ||    39
       Constrict         |    26 |     7 ||    33
       Tentacles         |    11 |     5 ||    16
       Short sword       |    63 |    33 ||    96
 Stab: Sleeping          |    21 |     1 ||    22
Armor: Skin              |     4 |     1 ||     5
Dodge: Dodged            |    69 |    17 ||    86
